 Dungeon Crawl Stone Soup version 0.26-a0-753-g4680b4fa2e (webtiles) character file.

Game seed: 10454970928762198737

4 Forecaster the Stinger (level 1, 0/15 HPs)
             Began as a Naga Venom Mage on Nov 7, 2020.
             Slain by a bat (1 damage)
             ... on level 1 of the Dungeon.
             The game lasted 00:00:33 (139 turns).

Forecaster the Stinger (Naga Venom Mage)             Turns: 139, Time: 00:00:34

Health: 0/15       AC:  1    Str: 10    XL:     1   Next: 70%
Magic:  1/3        EV: 10    Int: 15    God:
Gold:   0          SH:  0    Dex: 11    Spells: 3/4 levels left

rFire    . . .     SeeInvis +   b - +0 dagger (curse)
rCold    . . .     Faith    .   (no shield)
rNeg     . . .     Spirit   .   a - +0 robe
rPois    +         Reflect  .   (no helmet)
rElec    .         Harm     .   (no cloak)
rCorr    .         Rampage  .   (no gloves)
MR       .....                  (no barding)
Stlth    ++........             (no amulet)
HPRegen  0.05/turn              (no ring)
MPRegen  0.08/turn              (no ring)

@: very slow
A: large, see invisible, deformed body, poison resistance, slowness 2, spit
poison 1, AC +0
a: Spit Poison


You were on level 1 of the Dungeon.
You visited 1 branch of the dungeon, and saw 1 of its levels.

Inventory:

Hand Weapons
 b - a cursed +0 dagger (weapon)
Armour
 a - a +0 robe (worn)
Scrolls
 c - a scroll of remove curse {unknown}


   Skills:
 + Level 1.5 Dodging
 + Level 3.2 Stealth
 + Level 2.1 Spellcasting
 + Level 1.0 Transmutations
 + Level 4.2 Poison Magic


You had 3 spell levels left.
You knew the following spells:

 Your Spells              Type           Power        Failure   Level
a - Sting                 Tmut/Pois      #...         8%          1

Your spell library contained the following spells:

 Spells                   Type           Power        Failure   Level
 Poisonous Vapours        Pois/Air       #.....       14%         2
 Ignite Poison            Fire/Tmut/Pois #.......     32%         3
 Mephitic Cloud           Conj/Pois/Air  #.......     36%         3
 Olgreb's Toxic Radiance  Pois           ##......     36%         4


Dungeon Overview and Level Annotations

Branches:
Dungeon (1/15)

Altars:


Innate Abilities, Weirdness & Mutations

You cannot wear boots.
Your serpentine skin is tough. (AC +0)
You have supernaturally acute eyesight. (SInv)
Armour fits poorly on your strangely shaped body.
Your system is resistant to poisons. (rPois)
You cover ground very slowly.
You can spit poison.


Message History

The sting misses the bat.
The bat misses you.
You barely miss the bat. The bat hits you but does no damage.
The bat closely misses you.
You hit the bat but do no damage. The bat closely misses you.
You barely miss the goblin. The goblin hits you.
* * * LOW HITPOINT WARNING * * *
You hit the goblin but do no damage. The goblin barely misses you.
You barely miss the goblin. The goblin closely misses you.
You barely miss the goblin. The goblin barely misses you.
You hit the goblin.
The goblin is moderately wounded.
The goblin hits you.
* * * LOW HITPOINT WARNING * * *
You hit the goblin.
You kill the goblin!
The bat barely misses you. The bat misses you.
You miss the bat. The bat closely misses you. The bat hits you.
* * * LOW HITPOINT WARNING * * *
You closely miss the bat. The bat hits you.
You die...

#..... #..... #....#.#
#....#.# #. ....#.#####
#. #.# ...#.....# #..
#.# #b##.....# .. #.#
#@##.....# #.##.#
######.##.....# #..#.#
#.............####..#.#
#.#####.#.....+........
#.#.....####..#.#
#.#.....# ##...#
#.#.....# #...#
#.#.##### ##..#
####.#.##########..#


You could see a bat.

Vanquished Creatures
  A leopard gecko (D:1)
  A goblin (D:1)
  A kobold (D:1)
3 creatures vanquished.

Notes
Turn   | Place    | Note
-------+----------+-------------------------------------------
     0 | D:1      | Forecaster the Naga Venom Mage began the quest for the Orb.
     0 | D:1      | Reached XP level 1. HP: 15/15 MP: 3/3
   139 | D:1      | Slain by a bat

Illustrated notes

Levels and vault maps discovered:
D:1:      dpeg_arrival_simpleton_b, layout_basic, hangedman_decor_points,
          minmay_vboxes

Action                   || total
-------------------------++-------
Melee: Dagger            ||    15
 Cast: Sting             ||     4
Armor: Robe              ||     2
Dodge: Dodged            ||    13

Table legend: (Time is in decaauts)
 A = Elapsed time spent in this place.
 B = Non-inter-level travel time spent in this place.
 C = Inter-level travel time spent in this place.
 D = Time resting spent in this place.
 E = Time spent auto-exploring this place.
 F = Levels seen in this place.
 G = Mean time per level.
                   A        B        C        D        E       F      G
               +--------+--------+--------+--------+--------+-----+--------+
         Total |    158 |    158 |      0 |      3 |    110 |   1 |  158.0 |
       Dungeon |    158 |    158 |      0 |      3 |    110 |   1 |  158.0 |
               +--------+--------+--------+--------+--------+-----+--------+

Top non-repeatable levels by time:
     D:1: 158 daAuts
